 Dungeon Crawl Stone Soup version 0.24-a0-284-g9fb9971df1 (webtiles) character file.

Game seed: 10967331441591978603

64 Redear the Skirmisher (level 3, 0/29 HPs)
             Began as a Demonspawn Chaos Knight on May 6, 2019.
             Was a Plaything of Xom.
             Succumbed to an adder's poison
             ... on level 2 of the Dungeon.
             The game lasted 00:03:20 (1712 turns).

Redear the Skirmisher (Demonspawn Chaos Knight)     Turns: 1712, Time: 00:03:21

Health: 0/29       AC:  5    Str: 18    XL:     3   Next: 91%
Magic:  3/3        EV: 12    Int: 11    God:    Xom [.*....]
Gold:   133        SH:  0    Dex: 12    Spells: 2/2 levels left

rFire    . . .     SeeInvis .   f - +0 short sword
rCold    . . .     Gourm    .   (no shield)
rNeg     . . .     Faith    .   b - +2 leather armour
rPois    .         Spirit   .   (no helmet)
rElec    .         Reflect  .   (no cloak)
rCorr    .         Harm     .   (no gloves)
MR       .....                  (no boots)
Stlth    +.........             (no amulet)
HPRegen  0.09/turn              (no ring)
MPRegen  0.08/turn              (no ring)

@: mighty, lethally poisoned (0 -> -4)
A: blurry vision 1, dopey 1, rot immunity
a: Renounce Religion


You were on level 2 of the Dungeon.
You worshipped Xom.
You were a plaything of Xom.
You were hungry.

You visited 1 branch of the dungeon, and saw 2 of its levels.

You collected 133 gold pieces.

Inventory:

Hand Weapons
 a - a +0 hand axe of chaos
 f - a +0 short sword (weapon)
Armour
 b - a +2 leather armour (worn)
 c - a +0 shield
Jewellery
 g - an uncursed ring of see invisible {unknown}
Wands
 I - a wand of iceblast (11)
Scrolls
 d - a scroll of teleportation {unknown}
 e - a scroll of magic mapping {unknown}
 h - 2 scrolls of amnesia {unknown}
 i - a scroll of remove curse {unknown}
Comestibles
 z - 7 rations


   Skills:
 + Level 3.4 Fighting
 + Level 3.1 Axes
 + Level 2.3 Armour
 + Level 1.6 Dodging
 + Level 1.0 Shields


You had 2 spell levels left.
You didn't know any spells.
Your spell library was empty.

Dungeon Overview and Level Annotations

Branches:
Dungeon (2/15)

Altars:
Ashenzari
Elyvilon


Innate Abilities, Weirdness & Mutations

You are immune to rotting.
Scrolls take you a little longer to read.
You are dopey. (Int -2)


Message History

Unknown command.
You miss the adder.
The adder is moderately wounded.
You feel sick. The adder bites you but does no damage. The adder bites you.
* * * LOW HITPOINT WARNING * * *
You take 5 damage, and have 2/29 hp.
It was a potion of might.
You feel very mighty all of a sudden. The adder misses you.
You miss the adder.
The adder is moderately wounded.
The adder barely misses you. The adder bites you.
* * * LOW HITPOINT WARNING * * *
You take 1 damage, and have 1/29 hp.
You aren't carrying any potions.
Unknown command.
You closely miss the adder.
The adder is moderately wounded.
You die...
Xom howls with laughter!

#...........# #
##.#.#.#.#.## #
#...........#
##(#.#.#.#.## .
...####### .###
#........# ###...#
...#####.# #.S...#
#.#####.# #@#
#........ #.#
######.#. #.# .
##.### #.###.
######.## #
#.##...........###
#.##.##########.#.
#.##.# #####...#
#.##.# #........
#.##.# #.###...#


You could see an adder.

Vanquished Creatures
  Terence (D:2)
  A worm (D:2)
  A dart slug (D:1)
  2 leopard geckos (D:2)
  2 giant cockroaches (D:1)
  4 goblins
  3 hobgoblins
  A jackal (D:2)
  6 kobolds
  2 ball pythons (D:1)
  3 bats
  4 frilled lizards
  4 rats
34 creatures vanquished.

Notes
Turn   | Place    | Note
-------+----------+-------------------------------------------
     0 | D:1      | Redear the Demonspawn Chaos Knight began the quest for the
                  | Orb.
     0 | D:1      | Reached XP level 1. HP: 18/18 MP: 1/1
    33 | D:1      | Reached skill level 1 in Dodging
   106 | D:1      | XOM: potion effect (agility)
   109 | D:1      | Reached skill level 2 in Armour
   109 | D:1      | Gained mutation: You are immune to rotting. [demonic
                  | ancestry]
   109 | D:1      | Reached XP level 2. HP: 24/24 MP: 2/2
   774 | D:2      | HP: 2/24 [worm (7)]
   774 | D:2      | XOM: butterfly on damage
   918 | D:1      | XOM: harmless Conj miscast
  1074 | D:2      | Reached skill level 3 in Axes
  1095 | D:2      | Reached XP level 3. HP: 18/29 MP: 3/3
  1162 | D:2      | Noticed Terence
  1174 | D:2      | Killed Terence
  1230 | D:2      | Found a white marble altar of Elyvilon.
  1288 | D:2      | Found a shattered altar of Ashenzari.
  1394 | D:2      | XOM: god gift: 27 gold pieces
  1424 | D:2      | Reached skill level 1 in Shields
  1521 | D:2      | XOM: give mutations
  1521 | D:2      | Gained mutation: Scrolls take you a little longer to read.
                  | [Xom's mischief]
  1521 | D:2      | Gained mutation: You are weak. (Str -2) [Xom's mischief]
  1521 | D:2      | Lost mutation: You are weak. (Str -2) [Xom's mischief]
  1521 | D:2      | Gained mutation: You are dopey. (Int -2) [Xom's mischief]
  1709 | D:2      | HP: 2/29 [adder (4)]
  1712 | D:2      | Succumbed to an adder's poison

Levels and vault maps discovered:
D:1:      psy_arrival_spokes, layout_basic
D:2:      layout_loops_ring, elyvilon_altar_4, ashenzari_conservatory_becter,
          first_ration, st_stairs_10, uniq_terence

Skill      XL: |  1  2  3 |
---------------+----------+-----
Dodging        | 1 |  1.6
Armour         | 2 |  2.3
Axes           | 3 |  3.1
Shields        | 1 |  1.0
Fighting       | |  3.4

Action                   || total
-------------------------++-------
Melee: Hand axe          ||    40
       Short sword       ||   111
  Use: Potion            ||     2
  Eat: Chunk             ||     2
Armor: Leather armour    ||    38
Dodge: Dodged            ||    83

Table legend:
 A = Non-vault XP
 B = Vault XP
 C = Vault XP percentage of total XP
 D = Non-vault monster count
 E = Vault monster count
 F = Vault count percentage of total count
                 A         B        C        D         E       F
            +---------+---------+-------+---------+---------+-------
      Total |      58 |      34 |  37.0 |      32 |       2 |   5.9
            +---------+---------+-------+---------+---------+-------
        D:1 |      29 |       0 |   0.0 |      16 |       0 |   0.0
        D:2 |      29 |      34 |  54.0 |      16 |       2 |  11.1
            +---------+---------+-------+---------+---------+-------
